 Dungeon Crawl Stone Soup version 0.28.0-53-g5a82cb258f (webtiles) character file.

Game seed: 16342355814393077050

19495 cbfl8 the Cleaver (level 12, 0/112 HPs)
             Began as a Minotaur Berserker on Nov 14, 2022.
             Was an Elder of Trog.
             Slain by a spriggan berserker
             ... wielding a +0 quarterstaff
              (12 damage)
             ... on level 13 of the Dungeon.
             The game lasted 00:20:31 (16694 turns).

cbfl8 the Cleaver (Minotaur Berserker)             Turns: 16694, Time: 00:20:31

Health: 0/112      AC: 18    Str: 28    XL:     12   Next: 37%
Magic:  0/11       EV: 16    Int:  4    God:    Trog [****..]
Gold:   629        SH:  0    Dex: 17    Spells: 11/11 levels left

rFire   x . .      SeeInvis .   B - +5 trident of Natus {protect, Str+4 Dex+4}
rCold   + . .      Faith    .   (no shield)
rNeg    . . .      Spirit   +   G - +0 plate armour
rPois   .          Reflect  .   (helmet restricted)
rElec   .          Harm     .   g - +0 cloak
rCorr   .          Rampage  .   R - +0 pair of gloves
Will    .....                   M - +0 pair of boots
Stlth   ..........              I - amulet of guardian spirit
HPRegen 0.28/turn               E - +4 ring of evasion
MPRegen 0.12/turn               Q - ring of ice

@: on berserk cooldown, slowed, very slow
A: horns 2, retaliatory headbutt
a: Renounce Religion, Berserk, Trog's Hand, Brothers in Arms


You were on level 13 of the Dungeon.
You worshipped Trog.
Trog was greatly pleased with you.
You visited 1 branch of the dungeon, and saw 13 of its levels.

You collected 699 gold pieces.
You spent 70 gold pieces at shops.

Inventory:

Hand Weapons
 B - the +5 trident of Natus (weapon) {protect, Str+4 Dex+4}
   (You found it on level 8 of the Dungeon)

   It grants its wielder temporary protection when it strikes (+7 to AC).
   Str:       It affects your strength (+4).
   Dex:       It affects your dexterity (+4).
 F - a +0 war axe
Armour
 g - a +0 cloak (worn)
 G - a +0 plate armour (worn)
 M - a +0 pair of boots (worn)
 R - a +0 pair of gloves (worn)
Jewellery
 E - a +4 ring of evasion (left hand)
 I - an amulet of guardian spirit (around neck)
 Q - a ring of ice (right hand)
Wands
 o - a wand of polymorph (8)
 r - a wand of flame (22) (quivered)
Scrolls
 b - 2 scrolls of enchant weapon {unknown}
 e - 3 scrolls of fear
 j - a scroll of torment
 m - 4 scrolls of magic mapping
 n - 2 scrolls of enchant armour
 q - a scroll of brand weapon
 s - 3 scrolls of immolation
 v - 2 scrolls of fog {unknown}
 w - 2 scrolls of holy word {unknown}
 y - a scroll of blinking {unknown}
 z - a scroll of noise
 C - 2 scrolls of teleportation {unknown}
 O - a scroll of summoning {unknown}
Potions
 a - 3 potions of mutation {unknown}
 c - a potion of resistance {unknown}
 d - 2 potions of lignification {unknown}
 f - 3 potions of berserk rage {unknown}
 h - 4 potions of might
 k - 2 potions of attraction {unknown}
 p - 4 potions of curing
 t - 2 potions of haste {unknown}
 u - 3 potions of heal wounds {unknown}
 D - 2 potions of brilliance
 H - a potion of degeneration {unknown}
 J - 2 potions of flight {unknown}
 K - 4 potions of magic {unknown}
 L - a potion of ambrosia {unknown}
 P - a potion of invisibility {unknown}
Miscellaneous
 i - a phial of floods
 N - a phial of floods


   Skills:
 * Level 11.9 Fighting
 + Level 12.3(13.5) Axes
 + Level 9.5(12.2) Polearms
 + Level 9.3 Armour
 * Level 9.1 Dodging
 + Level 2.1 Stealth
 * Level 6.6 Evocations


You had 11 spell levels left.
You didn't know any spells.
Your spell library was empty.

Dungeon Overview and Level Annotations

Branches:
Dungeon (13/15)            Temple (0/1) D:5            Lair (0/6) D:9
    Orc (0/2) D:10         Vaults (0/5) D:13

Altars:
Ashenzari
Elyvilon
Fedhas
Gozag
Hepliaklqana
Kikubaaqudgha
Okawaru
Qazlal
Ru
Sif Muna
Trog
Vehumet
The Shining One

Shops:
D:6 !   D:8 =   D:11 (

Annotations:
D:7 2 transporters, DemonSlayer's ghost, novice DsFE


Innate Abilities, Weirdness & Mutations

You have a pair of horns on your head.
You reflexively headbutt those who attack you in melee.


Message History

Trog accepts your kill.
The elephant is no longer berserk.
The elephant disappears in a puff of smoke!
You hear an angry growl.
Unknown command.
You closely miss the spriggan berserker.
The spriggan berserker is moderately wounded.
The spriggan berserker hits you with a +0 quarterstaff!
You puncture the spriggan berserker! You headbutt the spriggan berserker.
The spriggan berserker is moderately wounded.
The spriggan berserker hits you with a +0 quarterstaff!! x2
* * * LOW HITPOINT WARNING * * *
The spriggan berserker barely misses you.
The spriggan berserker rages.
You feel a strong urge to attack something.
The spriggan berserker rages.
You are too berserk!
You are no longer berserk.
You are exhausted.
You feel yourself slow down.
The spriggan berserker hits you but does no damage.
As you read the scroll labelled LEETELI QIHOUN, it crumbles to dust.
You hear a loud clanging noise!
It was a scroll of noise.
The spriggan berserker hits you but does no damage.
The spriggan berserker misses you. You furiously retaliate!
You headbutt the spriggan berserker.
The spriggan berserker barely misses you.
You furiously retaliate!
You headbutt the spriggan berserker, but do no damage.
The spriggan berserker hits you with a +0 quarterstaff!
* * * LOW HITPOINT WARNING * * *
As you read the scroll labelled MYILECSUHU, it crumbles to dust.
Your body is wracked with pain!
* * * LOW HITPOINT WARNING * * *
The spriggan berserker convulses! x2; The polar bear convulses!
The spriggan berserker convulses!
The cyclops convulses!
The polar bear convulses!
It was a scroll of torment.
The spriggan berserker hits you with a +0 quarterstaff!
You die...

## #. ###### #.
##.))h## #.
#..C..i### #.
♣.....♣♣ii@.#
#########. ...#.
♣♣h..# #.......#. .
..
♣...######.####....
..
♣.....)............
.#
♣...###............
♣♣..##
#............
♣♣...#
#............
♣...##
#............
♣...##
#............


You could see 3 spriggan berserkers, a cyclops and 2 polar bears.

Vanquished Creatures
  Frances (D:13)
  Fannar (D:12)
  A centaur warrior (D:9)
  2 dancing weapons (D:13)
  3 two-headed ogres
  3 spriggan berserkers (D:13)
  Pikel (D:4)
  3 deep elf pyromancers
  2 cyclopes
  A komodo dragon (D:11)
  An efreet (D:11)
  A kobold demonologist (D:7)
  3 trolls
  4 hornets
  Sigmund (D:3)
  A vampire (D:10)
  A shadow (D:11)
  19 yaks
  2 vampire mosquitoes (D:8)
  A wraith (D:12)
  Menkaure (D:4)
  An acid dragon (D:13)
  A water moccasin (D:8)
  Duvessa (D:7)
  6 orc warriors
  A sky beast (D:8)
  11 centaurs
  2 ogres
  2 bullfrogs (D:8)
  A water moccasin zombie (D:5)
  A water moccasin skeleton (D:7)
  Dowan (D:7)
  4 killer bees (D:10)
  4 howler monkeys
  2 centaur zombies
  2 jellies
  5 orc priests
  2 hounds (D:6)
  A bullfrog skeleton (D:6)
  2 iguanas
  10 orc wizards
  A killer bee zombie (D:6)
  A howler monkey zombie (D:6)
  Robin (D:4)
  2 howler monkey skeletons
  9 adders
  A shadow imp (D:6)
  2 white imps
  4 worms
  A dart slug (D:2)
  50 orcs
  11 ball pythons
  12 endoplasms
  2 giant cockroaches
  14 goblins
  6 hobgoblins
  8 jackals
  4 quokkas
  9 bats
  6 frilled lizards
  6 kobolds
  A quokka skeleton (D:4)
  4 rats
268 creatures vanquished.

Vanquished Creatures (collateral kills)
  A cyclops (D:11)
  A troll (D:11)
2 creatures vanquished.

Vanquished Creatures (others)
  5 plants (D:6)
5 creatures vanquished.

Grand Total: 275 creatures vanquished

Notes
Turn   | Place    | Note
-------+----------+-------------------------------------------
     0 | D:1      | cbfl8 the Minotaur Berserker began the quest for the Orb.
     0 | D:1      | Reached XP level 1. HP: 19/19 MP: 0/0
   114 | D:1      | Found a faded altar of an unknown god.
   260 | D:1      | Reached XP level 2. HP: 25/27 MP: 1/1
   460 | D:1      | Reached skill level 4 in Axes
  1158 | D:1      | Reached XP level 3. HP: 34/34 MP: 2/2
  1232 | D:2      | Reached ** piety under Trog
  1750 | D:2      | Reached XP level 4. HP: 31/41 MP: 3/3
  2118 | D:2      | You fall into a shaft and drop 1 floor!
  2131 | D:3      | Reached skill level 5 in Axes
  2304 | D:3      | Noticed Sigmund
  2316 | D:3      | Killed Sigmund
  2317 | D:3      | Reached skill level 5 in Fighting
  2317 | D:3      | Reached skill level 6 in Axes
  2317 | D:3      | Reached skill level 1 in Stealth
  2317 | D:3      | Reached XP level 5. HP: 33/48 MP: 4/4
  2317 | D:3      | Reached XP level 6. HP: 38/56 MP: 5/5
  3367 | D:4      | Noticed Robin
  3372 | D:4      | Reached *** piety under Trog
  3375 | D:4      | Killed Robin
  3423 | D:4      | Found a shimmering blue altar of Sif Muna.
  3424 | D:4      | Found an ancient bone altar of Kikubaaqudgha.
  3424 | D:4      | Found a radiant altar of Vehumet.
  3445 | D:4      | Noticed Menkaure
  3452 | D:4      | Killed Menkaure
  3762 | D:4      | Noticed Pikel
  3770 | D:4      | Killed Pikel
  3771 | D:4      | Reached skill level 8 in Axes
  3771 | D:4      | Reached skill level 1 in Evocations
  3771 | D:4      | Reached XP level 7. HP: 63/63 MP: 6/6
  4334 | D:4      | Reached skill level 5 in Dodging
  4360 | D:4      | Reached XP level 8. HP: 60/70 MP: 7/7
  4866 | D:5      | Entered Level 5 of the Dungeon
  4988 | D:5      | Found an iron altar of Okawaru.
  5131 | D:5      | Found a staircase to the Ecumenical Temple.
  5154 | D:5      | Found a broken altar of Ashenzari.
  5382 | D:5      | Reached skill level 9 in Axes
  5932 | D:6      | Found Piloh's Distillery.
  5941 | D:6      | Found a glowing golden altar of the Shining One.
  5944 | D:6      | Found a sacrificial altar of Ru.
  5946 | D:6      | Found a blossoming altar of Fedhas.
  5950 | D:6      | Found an opulent altar of Gozag.
  5964 | D:6      | Found a stormy altar of Qazlal.
  5974 | D:6      | Bought a potion of curing for 30 gold pieces
  5974 | D:6      | Bought a potion of might for 40 gold pieces
  6460 | D:6      | Identified the +0 leather armour "Zeas" {Contam rC++ Str+3
                  | Int+3}
  6894 | D:7      | Noticed a kobold demonologist
  6906 | D:7      | Killed a kobold demonologist
  6907 | D:7      | Reached skill level 10 in Axes
  6907 | D:7      | Reached XP level 9. HP: 78/78 MP: 8/8
  6935 | D:7      | Noticed Dowan
  6936 | D:7      | Found a transporter.
  6948 | D:7      | Noticed Duvessa
  6955 | D:7      | Killed Duvessa
  6957 | D:7      | Killed Dowan
  6969 | D:7      | Reached **** piety under Trog
  7327 | D:7      | Noticed DemonSlayer's ghost (novice DsFE)
  7329 | D:7      | Noticed a komodo dragon
  7336 | D:7      | Noticed a troll
  7361 | D:7      | Paralysed by a hornet for 2 turns
  7369 | D:7      | Reached skill level 5 in Armour
  7723 | D:7      | Found a transporter.
  7762 | D:7      | Found a bloodstained altar of Trog.
  8224 | D:8      | Paralysed by a hornet for 1 turns
  8373 | D:8      | Reached skill level 11 in Axes
  8770 | D:8      | Identified the +5 trident of Natus {protect, Str+4 Dex+4}
  8793 | D:8      | Found Kogicag's Jewellery Boutique.
  9039 | D:7      | Reached XP level 10. HP: 77/90 MP: 9/9
  9253 | D:8      | Found a hazy altar of Hepliaklqana.
  9383 | D:9      | Noticed a centaur warrior
  9577 | D:9      | Reached skill level 1 in Polearms
  9758 | D:9      | Killed a centaur warrior
 10136 | D:9      | Noticed a two-headed ogre
 10147 | D:9      | Killed a two-headed ogre
 10153 | D:9      | Reached skill level 12 in Axes
 10158 | D:9      | Reached skill level 5 in Evocations
 10427 | D:9      | Found a staircase to the Lair.
 10456 | D:9      | Reached skill level 5 in Polearms
 10761 | D:9      | Found a white marble altar of Elyvilon.
 11051 | D:9      | Reached XP level 11. HP: 85/97 MP: 10/10
 11172 | D:10     | Entered Level 10 of the Dungeon
 11217 | D:10     | Noticed a deep elf pyromancer
 11231 | D:10     | Killed a deep elf pyromancer
 12038 | D:10     | Found a staircase to the Orcish Mines.
 12634 | D:11     | Reached skill level 10 in Fighting
 12777 | D:11     | Found Cask's Weapon Shop.
 12871 | D:11     | Noticed a two-headed ogre
 13072 | D:11     | Killed a two-headed ogre
 13348 | D:11     | Noticed a two-headed ogre
 13355 | D:11     | Killed a two-headed ogre
 14216 | D:12     | Noticed a deep elf pyromancer
 14222 | D:12     | Killed a deep elf pyromancer
 14540 | D:12     | Noticed Fannar
 14558 | D:12     | Killed Fannar
 15380 | D:13     | Noticed Frances
 15395 | D:13     | Killed Frances
 15396 | D:13     | Reached XP level 12. HP: 110/110 MP: 11/11
 16341 | D:13     | Found a gate to the Vaults.
 16694 | D:13     | Slain by a spriggan berserker

Illustrated notes

Levels and vault maps discovered:
D:1:      minmay_arrival_loop, layout_basic, basic_ecumenical_altar,
          minmay_tetromino_l2
D:2:      layout_loops_ring, kennysheep_generic_room_4
D:3:      layout_rooms, uniq_sigmund
D:4:      layout_basic, grunt_temple_overflow_magic_moments, bh_walls_and_bars,
          uniq_robin, uniq_pikel, uniq_menkaure
D:5:      layout_loops_ring, amcnicky_altar_gilded, old_standard_altar,
          minmay_temple_entry_statues_fountains
D:6:      layout_cave_pools, grunt_temple_overflow_open, serial_shops,
          shop_coins, serial_bayou_lagoon_a,
          nicolae_concentric_dashed_squares_wild
D:7:      layout_loops_cross, kennysheep_mini, nzn_ghost_randoct,
          grunt_ministairs_13, uniq_duvessa
D:8:      layout_gridville, mainiacjoe_overflow_surrounded_room, serial_shops,
          nicolae_shop_window_shopping, kennysheep_generic_room_13
D:9:      layout_roguey, elyvilon_altar_5, lair_entry_dummy,
          grunt_ministairs_15, minmay_statues_item, minmay_parallelograms,
          minivault_1, roderic_lattice_a, feat_on_display
D:10:     layout_loops_corners, hiddenorc1_lemuel,
          chequers_serial_rivers_small_a
D:11:     layout_rooms, serial_shops, nicolae_shop_bloodbath_and_beyond
D:12:     layout_gridville, uniq_fannar
D:13:     layout_basic, erik_vaults_1, minmay_guarded_unrand_wrath_of_trog,
          uniq_frances

Skill      XL: |  1  2  3  4  5  6  7  8  9 10 11 12 |
---------------+-------------------------------------+-----
Fighting       | 4 5 6 8 9 11 | 11.9
Axes           | 4 6 8 10 11 12 | 12.3
Dodging        | 3 4 5 6 7 8 9 |  9.1
Stealth        | 1 2 |  2.1
Armour         | 3 4 6 7 8 9 |  9.3
Evocations     | 1 2 4 5 6 |  6.6
Polearms       | 5 8 9 |  9.5

Action                   |  1- 3 |  4- 6 |  7- 9 | 10-12 || total
-------------------------+-------+-------+-------+-------++-------
Melee: Hand axe          |    77 |   111 |   250 |       ||   438
       Headbutt          |     9 |    16 |    49 |    85 ||   159
       Punch             |       |     1 |     1 |     2 ||     4
       Trident           |       |       |    15 |   426 ||   441
Invok: Berserk           |       |     3 |     3 |     8 ||    14
       Brothers in Arms  |       |       |       |     1 ||     1
Evoke: Wand              |       |       |     2 |     5 ||     7
  Use: Potion            |       |       |     2 |     2 ||     4
       Scroll            |       |       |       |    10 ||    10
 Stab: Sleeping          |       |     1 |       |       ||     1
Armor: Animal skin       |    21 |    21 |       |       ||    42
       Ring mail         |       |    13 |       |       ||    13
       Scale mail        |       |     1 |    44 |       ||    45
       Chain mail        |       |       |    37 |    35 ||    72
       Skin              |       |       |     8 |       ||     8
       Plate armour      |       |       |       |   145 ||   145
Dodge: Dodged            |    50 |    66 |   122 |   276 ||   514
